 Dungeon Crawl Stone Soup version 0.30.0-17-ge0270778cf (webtiles) character file.

Game seed: 2170065390970806232

87 Twinkles the Slasher (level 4, -2/34 HPs)
             Began as a Vampire Warper on May 21, 2023.
             Slain by Pargi (5 damage)
             ... in a sewer.
             The game lasted 00:05:40 (1930 turns).

Twinkles the Slasher (Vampire Warper)               Turns: 1930, Time: 00:05:41

Health: -2/34      AC:  3    Str: 10    XL:     4   Next: 28%
Magic:  7/7        EV: 10    Int: 21    God:
Gold:   136        SH:  0    Dex: 15    Spells: 5/7 levels left

rFire   . . .        a - +0 falchion
rCold   . . .        (no shield)
rNeg    . . .        f - +0 ring mail
rPois   .            (no helmet)
rElec   .            (no cloak)
rCorr   .            (no gloves)
SInv    +            u - +0 pair of boots
Will    .....        (no amulet)
Stlth   +            j - +6 ring of intelligence
HPRegen 0.45/turn    (no ring)
MPRegen 0.10/turn

%: no passive effects
@: healing quickly
A: alive, fangs 3, see invisible, vampiric 2, deformed body
a: Exsanguinate


You were in a sewer.
You visited 1 branch of the dungeon, and saw 3 of its levels.
You also visited: Sewer.

You collected 136 gold pieces.

Inventory:

Hand Weapons
 a - a +0 falchion (weapon)
Missiles
 d - 7 boomerangs of dispersal (quivered)
 i - 2 boomerangs
Armour
 b - a +0 leather armour
 f - a +0 ring mail (worn)
 u - a +0 pair of boots (worn)
Jewellery
 j - a +6 ring of intelligence (left hand)
 p - a ring of protection from fire
 q - an amulet of faith
Scrolls
 c - a scroll of poison {unknown}
 l - 2 scrolls of amnesia {unknown}
 n - 2 scrolls of noise {unknown}
 o - a scroll of magic mapping {unknown}
 t - 3 scrolls of teleportation {unknown}
 D - 4 scrolls of blinking
Potions
 e - a potion of haste {unknown}
 g - a potion of flight {unknown}
 k - a potion of curing {unknown}
 s - a potion of attraction {unknown}
 v - a potion of might {unknown}
 R - 2 potions of resistance
 U - a potion of mutation


   Skills:
 + Level 2.5 Fighting
 * Level 3.5 Long Blades
 - Level 0.7 Throwing
 + Level 1.7 Armour
 - Level 2.1 Dodging
 - Level 2.0 Spellcasting
 - Level 2.4 Translocations


You had 5 spell levels left.
You knew the following spells:

 Your Spells              Type           Power      Damage    Failure   Level
a - Blink                 Tloc           24%        N/A       22%         2

Your spell library contained the following spells:

 Spells                   Type           Power      Damage    Failure   Level
 Lesser Beckoning         Tloc           24%        N/A       22%         2
 Beastly Appendage        Tmut           4%         N/A       36%         1
 Teleport Other           Tloc           12%        N/A       38%         3
 Wereblood                Tmut           2%         N/A       50%         2
 Vhi's Electric Charge    Tloc/Air       14%        N/A       56%         3
 Spider Form              Tmut/Pois      2%         N/A       73%         3
 Manifold Assault         Tloc           12%        N/A       80%         4
 Dispersal                Tloc           6%         N/A       100%        6
 Disjunction              Tloc           6%         N/A       100%        8


Dungeon Overview and Level Annotations

Branches:
Dungeon (3/15) Zot: 16152   Sewer (1/1) Zot: 5880

Altars:

Annotations:
D:3 6 exclusions Sewer Pargi


Innate Abilities, Weirdness & Mutations

Your natural rate of healing is accelerated.
You have razor-sharp teeth.
You have supernaturally acute eyesight. (SInv)
You are afflicted with vampirism and can become a bat while bloodless.
Armour fits poorly on your strangely shaped body.


Message History

Your body twists and deforms.
U - a potion of mutation Pargi bites you.
* * * LOW HITPOINT WARNING * * *
Pargi claws you but does no damage. Pargi closely misses you.
Unknown command.
Unknown command.
You feel much better. Pargi bites you. Pargi barely misses you. x2
You slash Pargi!
Pargi is moderately wounded.
Pargi bites you! Pargi barely misses you. Pargi claws you.
You closely miss Pargi.
Pargi is moderately wounded.
Pargi clenches his claws.
Pargi misses you. Pargi claws you. x2
You hit Pargi but do no damage. You bite Pargi.
Pargi is moderately wounded.
Pargi barely misses you. Pargi closely misses you. Pargi claws you.
You hit Pargi.
Pargi is moderately wounded.
Pargi bites you. Pargi closely misses you. Pargi claws you.
* * * LOW HITPOINT WARNING * * *
You completely miss Pargi.
Pargi is moderately wounded.
Pargi barely misses you. Pargi completely misses you. Pargi claws you.
* * * LOW HITPOINT WARNING * * *
You completely miss Pargi.
Pargi is moderately wounded.
Pargi barely misses you. Pargi claws you.
* * * LOW HITPOINT WARNING * * *
Pargi claws you.
* * * LOW HITPOINT WARNING * * *
You completely miss Pargi.
Pargi is moderately wounded.
Pargi closely misses you. Pargi claws you but does no damage.
Pargi completely misses you.
You miss Pargi.
Pargi is moderately wounded.
Pargi bites you.
You die...

#### #~# ....##
##~# [ ## .....###
#.~. !.##~
#.....### #.~.
##..~~
#.~...###~~.
.~~.~.#
##...~~~.~~#
#~.~..###
###.~...###.~.
#.....####~.~~.###
#.~.
###..T@..~...###
#.~. ###......###
##~# ######## #~#
#~# #~# ###


You could see Pargi.

Vanquished Creatures
  An adder (D:2)
  A gnoll (D:1)
  3 dart slugs
  2 ball pythons
  3 endoplasms
  3 giant cockroaches
  8 goblins
  6 hobgoblins
  7 jackals
  2 quokkas
  7 bats
  2 frilled lizards (D:2)
  6 kobolds
  5 rats
56 creatures vanquished.

Notes
Turn   | Place    | Note
-------+----------+-------------------------------------------
     0 | D:1      | Twinkles the Vampire Warper began the quest for the Orb.
     0 | D:1      | Reached XP level 1. HP: 16/16 MP: 3/3
    95 | D:1      | Reached skill level 1 in Armour
   160 | D:1      | Reached XP level 2. HP: 19/22 MP: 5/5
   618 | D:1      | Gained mutation: You are afflicted with vampirism and can
                  | become a bat while bloodless. [Vampire growth]
   618 | D:1      | Reached XP level 3. HP: 12/27 MP: 6/6
   762 | D:2      | Reached skill level 3 in Long Blades
  1052 | D:2      | Found a faded altar of an unknown god.
  1414 | D:2      | Learned a level 2 spell: Blink
  1594 | D:3      | Reached XP level 4. HP: 34/34 MP: 7/7
  1817 | D:3      | Found a glowing drain.
  1822 | Sewer    | Entered a sewer
  1889 | Sewer    | Noticed Pargi
  1919 | Sewer    | HP: 11/34 [Pargi (3)]
  1920 | Sewer    | HP: 3/34 [Pargi (3)]
  1921 | Sewer    | Gained mutation: Armour fits poorly on your strangely
                  | shaped body. [potion of mutation]
  1921 | Sewer    | HP: 1/34 [Pargi (2)]
  1926 | Sewer    | HP: 11/34 [Pargi (5)]
  1928 | Sewer    | HP: 3/34 [Pargi (3)]
  1930 | Sewer    | Slain by Pargi

Illustrated notes

Levels and vault maps discovered:
D:1:      roderic_crossed_star, layout_loops_ring, minivault_19
D:2:      layout_basic, ebering_ecumenical_altar_box, minmay_box_of_dots
D:3:      layout_basic, led_xom_imps, mainiacjoe_overflow_chevrons,
          portal_sewer_entry_e
Sewer:    sewer_the_moccasin

Skill      XL: |  1  2  3 |
---------------+----------+-----
Armour         | 1 |  1.7
Fighting       | 2 |  2.5
Long Blades    | 3 |  3.5
Throwing       | |  0.7
Dodging        | |  2.1
Spellcasting   | |  2.0
Translocations | |  2.4

Action                     |  1- 3 |  4- 6 || total
---------------------------+-------+-------++-------
  Melee: Falchion          |   128 |    69 ||   197
         Bite              |     9 |     7 ||    16
         Punch             |     1 |     1 ||     2
  Throw: Boomerang         |       |     2 ||     2
         Throwing net      |       |     1 ||     1
    Use: Potion            |       |     3 ||     3
   Stab: Held in net/web   |       |     1 ||     1
 Armour: Ring mail         |    48 |    42 ||    90
         Leather armour    |     4 |       ||     4
  Dodge: Dodged            |    62 |    65 ||   127
